 Dungeon Crawl Stone Soup version 0.31-a0-1539-g569d6c7dce (webtiles) character file.

Game seed: 1588094619965656774

3650984 Flugkiller the Skinwalker (level 26, 145/145 HPs)
             Began as a Felid Warper on Jan 2, 2024.
             Was a Follower of Uskayaw.
             Escaped with the Orb
             ... and 5 runes!
             The game lasted 02:05:55 (57172 turns).

Flugkiller the Skinwalker (Felid Warper)           Turns: 57172, Time: 02:05:56

Health: 145/145    AC: 12    Str: 15    XL:     26   Next: 84%
Magic:  36/36      EV: 56    Int: 20    God:    Uskayaw [*.....]
Gold:   8616       SH:  0    Dex: 21    Spells: 4/49 levels left
                                        Lives:  0   Deaths: 8

rFire   + .          .
                       - Unarmed
rCold   + . .        (shield unavailable)
rNeg    . . .        (body armour unavailable)
rPois   ∞            (helmet unavailable)
rElec   +            (cloak unavailable)
rCorr   .            (gloves unavailable)
SInv    +            (boots unavailable)
Will    +++..        s - amulet of regeneration
Stlth   ++           X - +6 ring of strength
HPRegen 1.24/turn    g - ring of the Thistle {rF+ rC+}
MPRegen 0.25/turn

%: no passive effects
@: storm-form, flying, studying Dodging
A: cleaving, insubstantial, flying, very small, (claws 1), (fangs 3), see
invisible, (shaggy fur 3), (stealthy paws), no weapons or thrown items, no
armour, multi-lived, (iridescent scales 1), (large bone plates 1), clumsy 1, low
MP 1, inability to read after injury 1
0: Orb of Zot
}: 5/15 runes: serpentine, barnacled, slimy, silver, abyssal
a: Blinkbolt, Begin Untransformation, Renounce Religion, Stomp


You escaped.
You worshipped Uskayaw.
Uskayaw was most pleased with you.
You were a lightning-filled tempest!
You visited 11 branches of the dungeon, and saw 53 of its levels.
You visited the Abyss 1 time.
You visited 1 bazaar.
You also visited: Bailey, Gauntlet and Ice Cave.

You collected 10881 gold pieces.
You spent 2265 gold pieces at shops.

Inventory:

Jewellery
 f - a ring of protection from fire
   (You found it on level 13 of the Dungeon)
 g - the ring of the Thistle (right paw) {rF+ rC+}
   (You acquired it in a bailey)

   [ring of protection from cold]

   rF+:       It protects you from fire.
   rC+:       It protects you from cold.
 j - the ring of Shadows {Umbra +Inv Stlth+}
   (You took it off a deep elf death mage on level 3 of the Elven Halls)

   [ring of stealth]

   Umbra:     It surrounds you with an aura of shadow, increasing your stealth
   and reducing the accuracy of all others within it.
   +Inv:      It lets you turn invisible.
   Stlth+:    It makes you more stealthy.
 s - an amulet of regeneration (around neck)
   (You found it on level 7 of the Dungeon)
 v - a +5 ring of evasion
   (You found it on level 5 of the Dungeon)
 I - a +4 ring of protection
   (You found it on level 3 of the Lair of Beasts)
 L - an amulet of guardian spirit
   (You found it on level 5 of the Dungeon)
 Q - a +4 ring of protection
   (You found it on level 1 of the Depths)
 V - the ring of Xiergh {rPois rC+ rN+ MP+9 Dex+4}
   (You found it on level 4 of the Vaults)

   [ring of magical power]

   Dex+4:     It affects your dexterity (+4).
   rC+:       It protects you from cold.
   rPois:     It protects you from poison rN+: It protects you from negative
   energy.
   MP+9:      It affects your magic capacity (+9).
 X - a +6 ring of strength (left paw)
   (You took it off a tengu conjurer on level 3 of the Depths)
 Z - the ring of the Hare {EV+10}
   (You found it on level 5 of the Pits of Slime)

   [ring of evasion]

   EV+10:     It affects your evasion (+10).
Talismans
 K - a storm talisman (active)
   (You bought it in a shop on level 4 of the Vaults)
 M - a granite talisman
   (You found it on level 5 of the Lair of Beasts)
Wands
 o - a wand of paralysis (35)
   (You found it on level 14 of the Dungeon)
 y - a wand of mindburst (31)
   (You found it on level 8 of the Dungeon)
 B - a wand of iceblast (46)
   (You found it on level 9 of the Dungeon)
 E - a wand of digging (9)
   (You found it on level 10 of the Dungeon)
 G - a wand of quicksilver (28)
   (You found it on level 2 of the Lair of Beasts)
Scrolls
 b - 7 scrolls of torment
 c - 6 scrolls of immolation
 e - 13 scrolls of fog
 i - 12 scrolls of vulnerability
 t - 25 scrolls of teleportation
 x - 2 scrolls of silence
 z - a scroll of blinking
 C - 9 scrolls of poison
 D - 4 scrolls of fear
 N - 8 scrolls of revelation
 T - a scroll of summoning
Potions
 a - 2 potions of berserk rage
 d - 8 potions of might
 h - 8 potions of haste
 k - 10 potions of enlightenment
 m - a potion of magic
 n - 9 potions of resistance
 q - 22 potions of curing
 u - 8 potions of attraction
 w - 3 potions of heal wounds
 A - 5 potions of invisibility
 J - 11 potions of mutation
 O - 7 potions of brilliance
 P - 2 potions of ambrosia
 R - 8 potions of cancellation
Miscellaneous
 r - a phial of floods
   (You found it on level 4 of the Shoals)
 F - a lightning rod (4/4)
   (You found it in a Gauntlet)
 S - a phantom mirror
   (You found it on level 2 of the Snake Pit)
 U - a sack of spiders
   (You found it on level 4 of the Shoals)
 W - a tin of tremorstones (2/2)
   (You found it on level 5 of the Vaults)


   Skills:
 + Level 17.3 Fighting
 - Level 20.0 Dodging
 - Level 10.0 Stealth
 - Level 18.7 Unarmed Combat
 - Level 12.0 Spellcasting
 - Level 6.9 Conjurations
 - Level 20.0 Necromancy
 - Level 10.0 Translocations
 - Level 8.1 Air Magic
 - Level 6.9 Alchemy
 - Level 18.0 Invocations
 - Level 4.0 Evocations
 - Level 23.0 Shapeshifting


You had 4 spell levels left.
You knew the following spells:

 Your Spells              Type           Power      Damage    Failure   Level
a - Teleport Other        Tloc           51%        N/A       1%          3
b - Vhi's Electric Charg  Tloc/Air       96%        N/A       1%          4
c - Arcjolt               Conj/Air       21%        1d31      7%          5
d - Olgreb's Toxic Radia  Alch           39%        N/A       3%          4
e - Manifold Assault      Tloc           51%        N/A       1%          4
f - Fugue of the Fallen   Necr           75%        N/A       0%          3
g - Infestation           Necr           37%        N/A       10%         8
h - Death Channel         Necr           37%        N/A       1%          6
i - Irradiate             Conj/Alch      19%        3d18      9%          5
q - Apportation           Tloc           100%       N/A       1%          1
r - Blink                 Tloc           100%       N/A       1%          2

Your spell library contained the following spells:

 Spells                   Type           Power      Damage    Failure   Level
 Necrotise                Necr           100%       1d9       0%          1
 Vampiric Draining        Necr           75%        2d11      0%          3
 Animate Dead             Necr           75%        N/A       0%          4
 Dispel Undead            Necr           75%        3d25      0%          4
 Foxfire                  Conj/Fire      100%       2x1d9     1%          1
 Kiss of Death            Conj/Necr      100%       2d13      1%          1
 Magic Dart               Conj           100%       1d8       1%          1
 Sting                    Conj/Alch      100%       1d9       1%          1
 Cigotuvi's Dreadful Rot  Necr/Alch/Air  100%       N/A       1%          2
 Lesser Beckoning         Tloc           100%       N/A       1%          2
 Mercury Vapours          Alch/Air       84%        N/A       1%          2
 Momentum Strike          Conj/Tloc      90%        3d10      1%          2
 Searing Ray              Conj           78%        2d7       1%          2
 Static Discharge         Conj/Air       84%        3-7/arc   1%          2
 Gell's Gravitas          Tloc           51%        N/A       1%          3
 Airstrike                Air            22%        2d(4-20)  1%          4
 Anguish                  Hex/Necr       25%        N/A       1%          4
 Martyr's Knell           Necr/Summ      51%        N/A       1%          4
 Passage of Golubria      Tloc           51%        N/A       1%          4
 Fulminant Prism          Conj/Alch      19%        3d10      3%          4
 Hailstorm                Conj/Ice       25%        3d7       4%          3
 Stone Arrow              Conj/Erth      50%        3d10      4%          3
 Freeze                   Ice            48%        1d6       5%          1
 Sandblast                Erth           24%        2d8       5%          1
 Summon Small Mammal      Summ           48%        N/A       5%          1
 Ensorcelled Hibernation  Hex/Ice        24%        N/A       9%          2
 Jinxbite                 Hex            24%        N/A       9%          2
 Summon Lightning Spire   Summ/Air       28%        N/A       11%         4
 Brom's Barrelling Bould  Conj/Erth      25%        2d5       14%         4
 Petrify                  Alch/Erth      25%        N/A       14%         4
 Call Canine Familiar     Summ           12%        N/A       17%         3
 Confusing Touch          Hex            12%        N/A       17%         3
 Frozen Ramparts          Ice            24%        1d4       17%         3
 Ozocubu's Armour         Ice            12%        N/A       17%         3
 Passwall                 Erth           12%        N/A       17%         3
 Sigil of Binding         Hex            12%        N/A       17%         3
 Summon Ice Beast         Ice/Summ       12%        N/A       17%         3
 Tukima's Dance           Hex            12%        N/A       17%         3
 Cause Fear               Hex            6%         N/A       50%         4
 Summon Blazeheart Golem  Fire/Summ      12%        N/A       50%         4
 Curse of Agony           Necr           75%        N/A       1%          5
 Iskenderun's Battlesphe  Conj           39%        2d9       9%          5
 Dispersal                Tloc           25%        N/A       14%         6
 Summon Forest            Summ/Tloc      16%        N/A       21%         5
 Silence                  Hex/Air        14%        N/A       30%         5
 Fireball                 Conj/Fire      12%        3d7       36%         5
 Yara's Violent Unravell  Hex/Alch       12%        3d7       36%         5
 Conjure Ball Lightning   Conj/Air       21%        3x3d6     36%         6
 Haunt                    Necr/Summ      25%        N/A       61%         7
 Lee's Rapid Deconstruct  Erth           6%         3d6*      83%         5
 Metabolic Englaciation   Hex/Ice        6%         N/A       83%         5
 Summon Mana Viper        Hex/Summ       12%        N/A       83%         5
 Plasma Beam              Fire/Air       14%        2x1d25    86%         6
 Bombard                  Conj/Erth      12%        9d3       91%         6
 Sculpt Simulacrum        Ice/Alch       12%        N/A       91%         6
 Starburst                Conj/Fire      12%        6d5       91%         6
 Orb of Destruction       Conj           19%        9d8       95%         7
 Disjunction              Tloc           25%        N/A       99%         8
 Summon Cactus Giant      Summ           6%         N/A       100%        6
 Enfeeble                 Hex            6%         N/A       100%        7
 Monstrous Menagerie      Summ           6%         N/A       100%        7
 Spellforged Servitor     Conj/Summ      12%        N/A       100%        7
 Discord                  Hex            6%         N/A       100%        8
 Lehudib's Crystal Spear  Conj/Erth      12%        10d4      100%        8
 Dragon's Call            Summ           6%         N/A       100%        9
 Fire Storm               Conj/Fire      12%        8d3       100%        9
 Sublimation of Blood     Necr           Unusable   N/A       N/A         2
 Dimensional Bullseye     Hex/Tloc       Unusable   N/A       N/A         4
 Animate Armour           Summ/Erth      Unusable   N/A       N/A         4

Dungeon Overview and Level Annotations

Branches:
Dungeon (15/15)            Temple (1/1) D:6            Lair (5/5) D:11
 Shoals (4/4) Lair:3        Snake (4/4) Lair:3        Slime (5/5) Lair:4
    Orc (2/2) D:9             Elf (3/3) Orc:2        Vaults (5/5) D:13
  Crypt (0/3) Vaults:3     Depths (4/4) D:15            Zot (5/5) Depths:4
 Bailey (visited)           IceCv (visited)         Gauntlet (visited)

Altars:
Ashenzari
Cheibriados
Dithmenos
Elyvilon
Fedhas
Gozag
Hepliaklqana
Kikubaaqudgha
Makhleb
Nemelex Xobeh
Okawaru
Qazlal
Ru
Sif Muna
Trog
Uskayaw
Vehumet
Wu Jian
Xom
Yredelemnul
Zin
The Shining One
Jiyva
Lugonu

Shops:
D:1 *   D:6 [   D:15 [   Orc:2 ?[(!   Elf:3 =:=[   Snake:1 (   Vaults:3 (
Vaults:4 =   Vaults:5 ==   Depths:1 *   Depths:2 ((*

Portals:
Hell: Depths:1 Depths:2 Depths:3 Depths:4
Abyss: Lair:5 Depths:3 Depths:4
Pandemonium: Depths:2
Ziggurat: Depths:4

Annotations:
D:4 1 runed translucent door, 2 transporters, Crazy Yiuf; flestrin's ghost, amateur GrEE
Lair:1 1 runed translucent door, Unnigew's ghost, journeyman TrFi
Elf:1 1 runed translucent door
Elf:2 3 runed translucent doors
Depths:4 exclusions: draconian stormcaller and 3 more exclusions
Zot:5 1 exclusion


Innate Abilities, Weirdness & Mutations

You are a lightning-filled tempest!
Your electrical attacks strike out in all directions at once.
You are incredibly evasive.
Your insubstantial body is immune to petrification, constriction, and being set on fire You are flying.
You are immune to poison.
((You have sharp claws.))
((You have razor-sharp teeth.))
You have supernaturally acute eyesight. (SInv)
((Your thick and shaggy fur keeps you warm. (AC +3, rC+)))
((Your paws help you pounce on unaware monsters.))
You are incapable of wielding weapons or throwing items.
You cannot wear armour.
You gain extra lives every three experience levels.
((You are partially covered in iridescent scales. (AC +2)))
((You are partially covered in large bone plates. (SH +4)))
You are clumsy. (Dex -2)
Your magical capacity is low. (-10% MP)
You occasionally lose the ability to read scrolls when taking damage.


Message History

Confirm with . or Enter, or press ? or * to list all spells.
You erupt in a fountain of uncontrolled magic!
Effaawky is blasted with magical radiation!!
Effaawky is severely wounded.
Effaawky closely misses you.
Unknown command.
Casting: Irradiate (dangerous; 9% risk of failure)
Confirm with . or Enter, or press ? or * to list all spells.
You erupt in a fountain of uncontrolled magic!
Effaawky is blasted with magical radiation!!
Effaawky is almost dead.
You are contaminated with residual magic.
Effaawky hits you!!
* * * LOW HITPOINT WARNING * * *
Effaawky freezes you.
* * * LOW HITPOINT WARNING * * *
Effaawky gestures at you. You resist with almost no effort.
Casting: Irradiate (dangerous; 9% risk of failure)
Confirm with . or Enter, or press ? or * to list all spells.
You erupt in a fountain of uncontrolled magic!
Effaawky is blasted with magical radiation!
You kill Effaawky!
There is a fountain of clear blue water here.
There is a staircase back to the Dungeon here.
You feel much better.
You feel much better.
You can no longer pass through a line of other dancers.
You fly upwards.
Welcome back to the Dungeon!
There is a staircase to the Depths here.
Unknown command.
What level of the Dungeon? (default 1, ? - help)
Your body shudders with the violent release of wild energies!
You occasionally lose the ability to read scrolls when taking damage.
You feel less contaminated with magical energies.
You see here +0 ice dragon scales.
There is a stone staircase leading up here.
You fly upwards.
There is a stone staircase leading down here.
There is a stone staircase leading up here.
You fly upwards.
HP restored.
A red devil comes into view.
It is wielding a +2 demon trident of flaming.
There is a stone staircase leading down here.
There is a stone staircase leading up here.
You fly upwards.
There is a stone staircase leading down here.
Aiming: Quicksilver Bolt
Press: ? - help, Shift-Dir - straight line, f - you
Okay, then.
There is a stone staircase leading up here.
You fly upwards.
Your magical contamination has completely faded away.
There is a stone staircase leading down here.
There is a stone staircase leading up here.
You fly upwards.
There is a stone staircase leading down here.
A reaper comes into view. It is wielding a +2 scythe of flaming.
There is a stone staircase leading up here.
You fly upwards.
There is a stone staircase leading down here.
You see here 6 stones.
There is a stone staircase leading up here.
You fly upwards.
There is a stone staircase leading down here.
There is a stone staircase leading down here.
There is a stone staircase leading up, spattered with blood here.
Things that are here:
a +0 plate armour; a +0 halberd You fly upwards.
There is a stone staircase leading down here.
Things that are here:
a stone; a +0 short sword
Things that are here:
a +0 leather armour; a +0 club
There is a stone staircase leading up here.
You fly upwards.
There is a stone staircase leading down here.
There is a stone staircase leading up here.
You fly upwards.
Magic restored.
There is a stone staircase leading down here.
You see here a +0 whip of electrocution.
There is a stone staircase leading up here.
You fly upwards.
Level annotation: 1 runed translucent door, 2 transporters, Crazy Yiuf; flestrin's ghost, amateur GrEE
There is a stone staircase leading down here.
There is a stone staircase leading up here.
You see here a throwing net.
You fly upwards.
There is a stone staircase leading down here.
You see here a +0 whip.
There is a stone staircase leading up here.
You fly upwards.
There is a stone staircase leading down here.
There is a stone staircase leading up here.
You fly upwards.
There is a stone staircase leading down here.
There is a staircase leading out of the dungeon here.
Unknown command.
Enter note: gg You have escaped!

#.##....8##.....#
#........##8....#
###.............#
###..........##
##.........#
###....(..#
##.....## ###...#
##v## ###


There were no monsters in sight!

Vanquished Creatures
  2 pandemonium lords (Depths:1)
  the Royal Jelly (Slime:5)
  Tiamat (Zot:2)
  2 dread liches (Zot:5)
  An ancient lich (Zot:5)
  3 orbs of fire (Zot:5)
  A juggernaut (Depths:4)
  A Killer Klown (Zot:5)
  10 caustic shrikes
  5 curse toes
  Nikola (Lair:3)
  14 golden dragons
  The ghost of Baeff the Devastator, an adept DsCj of Gozag (Vaults:4)
  3 doom hounds (Zot:3)
  2 electric golems
  Jorgrun (Orc:2)
  2 liches
  24 Orb Guardians
  19 tentacled monstrosities
  An Ice Fiend (Zot:2)
  4 titans (Vaults:5)
  Asterion (Vaults:1)
  Grunn (Zot:3)
  2 deep elf master archers (Elf:3)
  16 acid blobs
  2 deep elf blademasters (Elf:3)
  A walking frostbound tome (Depths:3)
  4 quicksilver dragons
  A walking divine tome (Abyss:4)
  2 tentacled starspawn (Abyss:4)
  5 sphinxes
  Frances (Snake:1)
  8 death cobs
  Polyphemus (Shoals:3)
  An ancient champion (Vaults:3)
  A thorn hunter (Abyss:4)
  9 tengu reavers
  15 storm dragons
  Roxanne (Shoals:2)
  9 shadow dragons
  7 protean progenitors
  11 azure jellies
  7 fire giants
  A daeva (Shoals:4)
  10 nagarajas
  7 draconian knights
  8 draconian scorchers
  9 rockslimes
  10 frost giants
  9 deep elf sorcerers
  6 draconian shifters
  4 iron dragons
  22 vault wardens
  2 orc warlords
  7 deep elf elementalists (Elf:3)
  A juggernaut zombie (Depths:2)
  A spriggan defender (Depths:3)
  A ghost moth (Zot:3)
  6 draconian annihilators
  2 draconian stormcallers
  12 quicksilver oozes
  6 formless jellyfish
  A quicksilver ooze (shapeshifter) (Depths:1)
  26 ironbound preservers
  22 very ugly things
  8 green draconians
  23 stone giants
  8 ironbound thunderhulks
  Nessos (Lair:4)
  2 vampire knights
  8 white draconians
  5 deep elf demonologists
  Azrael (D:12)
  8 deep elf death magi
  8 black draconians
  12 yellow draconians
  7 purple draconians
  2 war gargoyles (Vaults:5)
  8 deep elf annihilators
  A lorocyproca (Depths:1)
  4 dire elephants
  A minotaur (Gauntlet)
  14 spark wasps
  6 red draconians
  A blizzard demon (Depths:2)
  11 merfolk impalers
  2 crystal guardians (Vaults:4)
  7 fire dragons
  9 yaktaur captains
  6 entropy weavers
  An entropy weaver (shapeshifter) (D:15)
  12 ettins
  Josephine (D:13)
  4 deep elf high priests
  7 merfolk javelineers
  10 great orbs of eyes
  40 vault guards
  7 rakshasas
  10 ice dragons
  4 salamander tyrants
  2 merfolk avatars
  An ogre mage (Vaults:4)
  6 hydras
  6 spriggan air magi
  10 ironbound frosthearts
  2 two-headed ogres
  An alligator snapping turtle (Shoals:4)
  2 satyrs
  A catoblepas (Shoals:3)
  A death knight (D:13)
  17 centaur warriors
  11 merfolk aquamancers
  9 anacondas
  3 tengu warriors
  A sphinx skeleton (Vaults:2)
  8 boulder beetles
  6 deep troll shamans
  A bunyip (shapeshifter) (Vaults:5)
  7 thrashing horrors
  17 naga warriors
  3 vampire magi
  12 dancing weapons
  10 deep troll earth magi
  6 orc high priests
  A storm dragon zombie (Depths:2)
  9 spriggan berserkers
  Urug (D:13)
  13 death yaks
  11 naga sharpshooters
  6 shock serpents
  6 deep elf knights
  8 hell knights
  A sun demon (Depths:1)
  A soul eater (Depths:3)
  10 skeletal warriors
  Nergalle (Lair:3)
  3 wretched stars (Abyss:4)
  5 skysharks
  2 cyclopes (shapeshifter)
  7 salamander mystics
  11 sea snakes
  44 deep trolls
  5 glowing orange brains
  A quicksilver dragon simulacrum (Vaults:5)
  6 iron trolls (Depths:4)
  5 naga ritualists
  A glowing orange brain (shapeshifter) (Vaults:5)
  2 cherubim (Shoals:4)
  A deep troll (shapeshifter) (Vaults:5)
  A golden dragon zombie (Depths:2)
  A shadow demon (Depths:2)
  2 flayed ghosts
  19 harpies
  2 swamp dragons (Abyss:4)
  12 deep elf archers
  An elf zombie (Vaults:2)
  8 necromancers
  29 ironbound convokers
  12 lindwurms
  33 deep elf pyromancers
  3 large abominations (Abyss:4)
  8 phantasmal warriors
  3 arcanists
  A lindwurm (shapeshifter) (Vaults:5)
  17 mana vipers
  34 deep elf zephyrmancers
  12 orc knights
  An orb spider (shapeshifter) (Vaults:5)
  A tengu skeleton (Vaults:3)
  A wolf spider (shapeshifter) (Vaults:5)
  An oklob plant (Lair:2)
  30 ugly things
  12 manticores
  2 orc sorcerers
  A stone giant zombie (Vaults:5)
  A frost giant zombie (Vaults:5)
  4 shining eyes
  A worldbinder (Abyss:4)
  20 salamanders
  7 fauns
  9 cyclopes
  3 meliai (D:13)
  A moth of wrath (shapeshifter) (Vaults:4)
  A stone giant skeleton (Vaults:3)
  51 black mambas
  34 elephants
  10 merfolk sirens
  A fire giant skeleton (Vaults:3)
  20 moths of wrath
  6 smoke demons
  5 water nymphs
  5 guardian serpents
  A titan simulacrum (Vaults:5)
  6 kobold blastminers
  23 vault sentinels
  Joseph (D:7)
  An apocalypse crab (Abyss:4)
  4 gargoyles
  2 ice statues
  A water nymph (shapeshifter) (Vaults:5)
  A rust devil (Abyss:4)
  A torpor snail (Lair:5)
  Jeremiah (D:8)
  30 naga magi
  15 cane toads
  2 eyes of devastation (Slime:5)
  12 rime drakes
  2 cane toads (shapeshifter)
  48 yaktaurs
  8 komodo dragons
  3 yaktaur skeletons
  5 human skeletons
  Psyche (D:8)
  2 freezing wraiths
  8 tengu conjurers
  11 trolls
  4 tyrant leeches
  19 merfolk
  2 ancient zymes (Abyss:4)
  5 polar bears
  2 hellwings
  2 glass eyes
  3 wind drakes
  36 blink frogs
  A hornet (Depths:2)
  4 raiju (Lair:5)
  15 dream sheep
  6 snapping turtles
  3 jumping spiders (Vaults:4)
  A jumping spider (shapeshifter) (D:14)
  2 shadows
  Sigmund (D:5)
  70 slime creatures
  11 water elementals
  2 vampires
  A wyvern (Lair:2)
  A fire bat (D:5)
  3 ynoxinuls
  70 yaks
  3 air elementals
  5 wargs
  3 spriggans
  2 ettin skeletons (Vaults:3)
  5 wraiths (D:13)
  6 fire elementals
  7 basilisks
  2 steam dragons (D:10)
  10 vampire mosquitoes
  7 starcursed masses
  A redback (Vaults:3)
  A naga (shapeshifter) (Elf:3)
  An acid dragon (D:11)
  Menkaure (D:5)
  2 chaos spawn (Lair:5)
  2 spatial vortices (Vaults:4)
  12 small abominations
  46 nagas
  A swamp worm (shapeshifter) (Vaults:5)
  8 water moccasins
  Duvessa (D:7)
  4 hell hounds (D:12)
  A black bear (shapeshifter) (Lair:5)
  3 black bears
  52 orc warriors
  5 sky beasts
  A laughing skull (Gauntlet)
  7 ice beasts
  24 wolves
  4 boggarts (Vaults:3)
  7 centaurs
  2 lemures (D:5)
  2 phantoms
  4 kobold brigands
  18 bullfrogs
  An earth elemental (Elf:2)
  4 gnoll sergeants
  Dowan (D:7)
  6 wights (D:8)
  8 killer bees
  5 electric eels
  7 howler monkeys
  A crimson imp (Depths:1)
  A bombardier beetle (D:3)
  36 orc priests
  6 hounds
  2 jellies (Lair:4)
  3 gnoll boudas
  4 iguanas
  Ijyb (D:5)
  25 orc wizards
  2 sleepcaps
  33 gnolls
  9 adders
  4 shadow imps
  3 white imps
  6 ufetubi
  81 orcs
  9 endoplasms
  3 giant cockroaches
  21 goblins
  12 hobgoblins
  5 jackals
  2 quokkas (D:1)
  9 ball pythons
  A bat (D:1)
  2 frilled lizards (D:3)
  22 kobolds
  3 rats
  5 aspiring fleshes
  A starspawn tentacle (Abyss:4)
2424 creatures vanquished.

Vanquished Creatures (others)
  An eldritch tentacle (Vaults:4)
  A ghost moth (Zot:5)
  An anaconda (Snake:1)
  An occultist (Vaults:4)
  2 cherubim (Shoals:4)
  A sea snake (Shoals:4)
  A lindwurm (Vaults:1)
  A deep elf zephyrmancer (Elf:1)
  2 harpies (Shoals:4)
  A faun (Shoals:1)
  A salamander (Snake:1)
  A black mamba (Snake:4)
  A freezing wraith (Vaults:4)
  A polar bear (IceCv)
  2 water elementals
  2 nagas (Snake:1)
  An orc warrior (Elf:2)
  A human (D:4)
  A sky beast (D:7)
  An orc priest (Orc:1)
  An orc wizard (Elf:2)
  An orc (Orc:1)
  A lurking horror (Abyss:4)
  A starspawn tentacle (Abyss:4)
28 creatures vanquished.

Grand Total: 2452 creatures vanquished

Notes
Turn   | Place    | Note
-------+----------+-------------------------------------------
     0 | D:1      | Flugkiller the Felid Warper began the quest for the Orb.
     0 | D:1      | Reached XP level 1. HP: 11/11 MP: 4/4
    27 | D:1      | Reached skill level 1 in Stealth
   144 | D:1      | Reached XP level 2. HP: 12/15 MP: 6/6
   356 | D:1      | Found Qen Zionn's Assorted Antiques.
   381 | D:1      | Learned a level 2 spell: Blink
   779 | D:2      | Reached XP level 3. HP: 18/18 MP: 7/7
  1023 | D:1      | Bought a scroll labelled JAXYLEATWE for 24 gold pieces
  2142 | D:3      | Found a faded altar of an unknown god.
  2613 | D:3      | Reached XP level 4. HP: 8/24 MP: 8/8
  2613 | D:3      | Gained a life (2 lives remaining)
  2921 | D:4      | Found a runed translucent door.
  2922 | D:4      | Noticed Crazy Yiuf
  3005 | D:4      | Found a glowing silver altar of Zin.
  3043 | D:4      | Found an ancient bone altar of Kikubaaqudgha.
  3043 | D:4      | Noticed a human
  3046 | D:4      | Killed a human
  3209 | D:4      | Found a transporter.
  3265 | D:4      | Found a transporter.
  3282 | D:4      | Noticed flestrin's ghost (amateur GrEE)
  3410 | D:4      | Reached XP level 5. HP: 19/28 MP: 9/9
  3492 | D:4      | Found a bloodstained altar of Trog.
  3828 | D:3      | Reached skill level 5 in Unarmed Combat
  4327 | D:5      | Entered Level 5 of the Dungeon
  4490 | D:5      | Noticed a lemure
  4490 | D:5      | Noticed a lemure
  4500 | D:5      | Noticed Sigmund
  4510 | D:5      | Noticed a phantom
  4533 | D:4      | Killed a phantom
  4534 | D:4      | Gained mutation: You are covered in thick fur. (AC +2)
                  | [Felid growth]
  4534 | D:4      | Reached XP level 6. HP: 16/32 MP: 10/10
  5424 | D:1      | Bought a viscous pink potion for 21 gold pieces
  5424 | D:1      | Bought a scroll labelled UKYNEK IDERPH for 24 gold pieces
  5424 | D:1      | Bought a scroll labelled YFOCIUWENG for 24 gold pieces
  5620 | D:4      | Learned a level 3 spell: Teleport Other
  5629 | D:4      | Learned a level 4 spell: Vhi's Electric Charge
  5828 | D:5      | Gained mutation: You are partially covered in iridescent
                  | scales. (AC +2) [potion of mutation]
  5828 | D:5      | Gained mutation: You are partially covered in large bone
                  | plates. (SH +4) [potion of mutation]
  5834 | D:5      | Mangled by a gnoll
  5834 | D:5      | Lost a life (1 life remaining)
  5916 | D:5      | Reached skill level 5 in Dodging
  5916 | D:5      | Reached skill level 5 in Translocations
  6207 | D:5      | Reached XP level 7. HP: 36/36 MP: 11/11
  6207 | D:5      | Gained a life (2 lives remaining)
  6257 | D:5      | Noticed Ijyb
  6259 | D:5      | Killed Ijyb
  6262 | D:5      | Noticed Menkaure
  6451 | D:5      | Noticed Pikel
  6791 | D:6      | Found an opulent altar of Gozag.
  6858 | D:6      | Found Xuadedob's Armour Emporium.
  6921 | D:6      | Reached skill level 1 in Air Magic
  7048 | D:5      | Slain by a black bear
  7048 | D:5      | Lost a life (1 life remaining)
  7175 | D:5      | Pikel changed into Pikel the fire bat
  7175 | D:5      | Noticed Pikel
  7198 | D:5      | HP: 1/37 [Pikel the fire bat (7)]
  7202 | D:5      | Killed Pikel the fire bat
  7367 | D:5      | Killed Sigmund
  7368 | D:5      | Reached XP level 8. HP: 31/42 MP: 12/12
  7391 | D:5      | Killed Menkaure
  7532 | D:6      | Found a staircase to the Ecumenical Temple.
  7578 | Temple   | Entered the Ecumenical Temple
  7595 | Temple   | Became a worshipper of Uskayaw the Reveller
  7660 | D:6      | Reached * piety under Uskayaw
  7765 | D:6      | Reached ** piety under Uskayaw
  7804 | D:6      | Reached *** piety under Uskayaw
  7805 | D:6      | Reached skill level 1 in Invocations
  8291 | D:7      | Reached skill level 5 in Fighting
  8296 | D:7      | Reached **** piety under Uskayaw
  8304 | D:7      | Reached ***** piety under Uskayaw
  8312 | D:7      | Reached ****** piety under Uskayaw
  8425 | D:7      | Reached XP level 9. HP: 47/47 MP: 13/13
  8826 | D:7      | Noticed Maggie
  9175 | D:7      | Noticed Dowan
  9177 | D:7      | Noticed Duvessa
  9219 | D:7      | Killed Duvessa
  9226 | D:7      | Killed Dowan
  9466 | D:7      | Noticed Joseph
  9478 | D:7      | Killed Joseph
  9608 | D:8      | Noticed Psyche
  9677 | D:7      | Maggie changed into Maggie the iguana
  9677 | D:7      | Noticed Maggie
  9684 | D:7      | Killed Maggie the iguana
  9843 | D:8      | Noticed Jeremiah
 10144 | D:8      | Reached XP level 10. HP: 51/55 MP: 9/14
 10144 | D:8      | Gained a life (2 lives remaining)
 10170 | D:8      | Killed Psyche
 10190 | D:8      | Reached skill level 10 in Unarmed Combat
 10200 | D:8      | Reached skill level 1 in Shapeshifting
 10288 | D:8      | Reached skill level 2 in Shapeshifting
 10421 | D:8      | Killed Jeremiah
 10422 | D:8      | Reached skill level 3 in Shapeshifting
 10627 | D:8      | Reached skill level 4 in Shapeshifting
 10769 | D:8      | Reached skill level 5 in Shapeshifting
 10969 | D:8      | Found a glowing golden altar of the Shining One.
 11201 | D:9      | Found a flagged portal.
 11238 | Bailey   | Entered a bailey
 11473 | Bailey   | Reached skill level 6 in Shapeshifting
 11728 | Bailey   | Acquired the ring of the Thistle {rF+ rC+}
 11948 | Bailey   | Found an iron altar of Okawaru.
 11954 | Bailey   | Noticed a rust devil
 11968 | Bailey   | Noticed a rust devil
 11972 | Bailey   | Noticed a sun demon
 12057 | D:9      | Noticed a two-headed ogre
 12423 | D:9      | Found a staircase to the Orcish Mines.
 12459 | D:9      | Reached skill level 7 in Shapeshifting
 12682 | D:9      | Reached XP level 11. HP: 58/58 MP: 15/15
 12989 | D:10     | Entered Level 10 of the Dungeon
 13314 | D:10     | Reached skill level 8 in Shapeshifting
 13894 | D:10     | Found a broken altar of Ashenzari.
 13899 | D:10     | Found a radiant altar of Vehumet.
 14305 | D:11     | Reached skill level 9 in Shapeshifting
 14969 | D:11     | Reached skill level 10 in Shapeshifting
 15159 | D:11     | Found a staircase to the Lair.
 15287 | D:12     | Found a gate leading to a gauntlet.
 15346 | Gauntlet | Entered a Gauntlet
 15346 | Gauntlet | Noticed a large abomination
 15346 | Gauntlet | Found a transporter.
 15346 | Gauntlet | Found a transporter.
 15346 | Gauntlet | Found a runed translucent door.
 15346 | Gauntlet | Found a runed translucent door.
 15364 | Gauntlet | Found a transporter.
 15365 | Gauntlet | Found a transporter.
 15380 | Gauntlet | Found a transporter.
 15392 | Gauntlet | Found a transporter.
 15393 | Gauntlet | Found a transporter.
 15396 | Gauntlet | Found a runed translucent door.
 15396 | Gauntlet | Found a runed translucent door.
 15398 | Gauntlet | Noticed a wretched star
 15400 | Gauntlet | Found a transporter.
 15413 | Gauntlet | Noticed a great orb of eyes
 15415 | Gauntlet | Noticed a cyan ugly thing
 15416 | Gauntlet | Found a transporter.
 15416 | Gauntlet | Noticed a white ugly thing
 15433 | Gauntlet | Found a transporter.
 15434 | Gauntlet | Found a transporter.
 15435 | Gauntlet | Found a runed translucent door.
 15445 | Gauntlet | Found a transporter.
 15476 | Gauntlet | Slain by a laughing skull
 15476 | Gauntlet | Lost a life (1 life remaining)
 15509 | Gauntlet | Identified the ring of the Villain {rPois rN+}
 15509 | Gauntlet | Noticed a minotaur
 15550 | Gauntlet | Killed a minotaur
 15551 | Gauntlet | Reached skill level 5 in Invocations
 15649 | Lair:1   | Entered Level 1 of the Lair of Beasts
 15807 | Lair:1   | Gained mutation: Your thick and shaggy fur keeps you warm.
                  | (AC +3, rC+) [Felid growth]
 15807 | Lair:1   | Reached XP level 12. HP: 18/63 MP: 10/17
 15856 | Lair:1   | Found a runed translucent door.
 15862 | Lair:1   | Noticed Unnigew's ghost (journeyman TrFi)
 15909 | Lair:1   | Reached skill level 10 in Translocations
 15942 | Lair:1   | You fall into a shaft and drop 1 floor!
 15942 | Lair:2   | Found a frozen archway.
 15951 | IceCv    | Entered an ice cave
 15981 | IceCv    | Noticed a death yak
 16004 | IceCv    | Killed a death yak
 16237 | IceCv    | Noticed a death yak
 16237 | IceCv    | Noticed a death yak
 16237 | IceCv    | Noticed a death yak
 16249 | IceCv    | Killed a death yak
 16253 | IceCv    | Killed a death yak
 16258 | IceCv    | Killed a death yak
 16805 | IceCv    | Noticed a death yak
 16814 | IceCv    | Killed a death yak
 16815 | IceCv    | Reached skill level 10 in Invocations
 16863 | IceCv    | Noticed a frost giant
 16863 | IceCv    | Noticed a death yak
 16868 | IceCv    | Killed a death yak
 16868 | IceCv    | Killed a frost giant
 16869 | IceCv    | Reached skill level 10 in Dodging
 17121 | Lair:2   | Reached skill level 5 in Stealth
 17121 | Lair:2   | Reached XP level 13. HP: 66/67 MP: 21/21
 17121 | Lair:2   | Gained a life (2 lives remaining)
 18270 | Lair:2   | Found a hazy altar of Hepliaklqana.
 19326 | Lair:3   | Noticed Nergalle
 19462 | Lair:3   | Killed Nergalle
 19658 | Lair:3   | Found a staircase to the Snake Pit.
 19998 | Lair:3   | Reached skill level 10 in Stealth
 20205 | Lair:3   | Found a staircase to the Shoals.
 20497 | Lair:3   | Reached XP level 14. HP: 51/75 MP: 15/22
 20788 | Lair:4   | Reached skill level 1 in Evocations
 20868 | Lair:4   | Found a staircase to the Slime Pits.
 21061 | Lair:4   | Noticed Nessos
 21063 | Lair:4   | Killed Nessos
 21533 | Lair:5   | Entered Level 5 of the Lair of Beasts
 22103 | Lair:5   | Reached skill level 10 in Fighting
 22524 | Lair:5   | Reached XP level 15. HP: 81/81 MP: 14/25
 23112 | Lair:5   | Found a corrupted altar of Lugonu.
 23112 | Lair:5   | Found a one-way gate to the infinite horrors of the Abyss.
 23131 | Lair:5   | Got the Directory of Glamour and the Discharge
 23897 | D:12     | Noticed Azrael
 23900 | D:12     | Reached skill level 11 in Shapeshifting
 23909 | D:12     | Killed Azrael
 23985 | D:13     | Noticed Josephine
 23989 | D:13     | Killed Josephine
 24113 | D:13     | Noticed Urug
 24118 | D:13     | Killed Urug
 24412 | D:13     | Reached skill level 12 in Shapeshifting
 24520 | D:13     | Found a gate to the Vaults.
 24987 | D:14     | Reached skill level 13 in Shapeshifting
 25224 | D:14     | Acquired a manual of Invocations
 25238 | D:15     | Entered Level 15 of the Dungeon
 25316 | D:15     | Found Poeni's Antique Armour Emporium.
 25815 | D:15     | Reached XP level 16. HP: 86/86 MP: 26/26
 26047 | Orc:1    | Entered Level 1 of the Orcish Mines
 26339 | Orc:2    | Entered Level 2 of the Orcish Mines
 26350 | Orc:2    | Noticed Jorgrun
 26362 | Orc:2    | Killed Jorgrun
 26363 | Orc:2    | Reached skill level 14 in Shapeshifting
 26696 | Orc:2    | Found a staircase to the Elven Halls.
 27364 | Orc:2    | Found Ycaitool's Distillery.
 27367 | Orc:2    | Found Siefu's Magic Scroll Emporium.
 27368 | Orc:2    | Found Gofiheuh's Weapon Emporium.
 27369 | Orc:2    | Found Lemius's Antique Armour Shoppe.
 27373 | Orc:2    | Bought a scroll of teleportation for 51 gold pieces
 27376 | Orc:2    | Bought a potion of heal wounds for 60 gold pieces
 27376 | Orc:2    | Bought a potion of heal wounds for 60 gold pieces
 27376 | Orc:2    | Bought a potion of haste for 120 gold pieces
 27376 | Orc:2    | Bought a potion of ambrosia for 96 gold pieces
 28124 | Snake:1  | Entered Level 1 of the Snake Pit
 28124 | Snake:1  | Noticed Nikola
 28207 | Lair:3   | Killed Nikola
 28208 | Lair:3   | Reached skill level 15 in Shapeshifting
 28565 | Snake:1  | Found an ancient bone altar of Kikubaaqudgha.
 28732 | Snake:1  | Found Capi's Weapon Emporium.
 29145 | Snake:1  | Noticed Frances
 29156 | Snake:1  | Killed Frances
 29549 | Snake:2  | Reached skill level 16 in Shapeshifting
 29759 | Snake:2  | Reached XP level 17. HP: 90/90 MP: 23/28
 30254 | Snake:2  | Found a snail-covered altar of Cheibriados.
 30315 | Snake:2  | Reached skill level 15 in Invocations
 31086 | Snake:4  | Entered Level 4 of the Snake Pit
 31309 | Snake:4  | Reached skill level 15 in Unarmed Combat
 31381 | Snake:4  | Reached XP level 18. HP: 60/96 MP: 7/31
 31425 | Snake:4  | Got a serpentine rune of Zot
 31559 | Snake:4  | Found a radiant altar of Vehumet.
 32109 | Shoals:1 | Entered Level 1 of the Shoals
 32151 | Shoals:1 | You fall into a shaft and drop 1 floor!
 32512 | Shoals:2 | Noticed Roxanne
 32537 | Shoals:2 | Killed Roxanne
 33461 | Shoals:3 | Noticed Polyphemus
 33467 | Shoals:3 | Killed Polyphemus
 33994 | Shoals:3 | Learned a level 5 spell: Arcjolt
 34000 | Shoals:3 | Learned a level 5 spell: Irradiate
 34014 | Shoals:4 | Entered Level 4 of the Shoals
 34229 | Shoals:4 | Found a white marble altar of Elyvilon.
 34248 | Shoals:4 | Identified the +4 shortbow "Turyakki" {speed, Int+2}
 34359 | Shoals:4 | Found a glowing golden altar of the Shining One.
 34372 | Shoals:4 | Reached XP level 19. HP: 77/100 MP: 21/32
 34599 | Shoals:4 | Found a glowing silver altar of Zin.
 34614 | Shoals:4 | HP: 6/131 [daeva/+2 eudemon blade of holy wrath (5)]
 34619 | Shoals:4 | HP: 1/131 [merfolk javelineer/javelin (11)]
 34710 | Shoals:4 | Got a barnacled rune of Zot
 35025 | Vaults:1 | Entered Level 1 of the Vaults
 35025 | Vaults:1 | Noticed Asterion
 35026 | Vaults:1 | Killed Asterion
 35153 | Vaults:1 | You fall into a shaft and drop 1 floor!
 35167 | Vaults:2 | Reached skill level 5 in Spellcasting
 36016 | Vaults:1 | Reached skill level 1 in Conjurations
 36016 | Vaults:1 | Reached skill level 1 in Alchemy
 36231 | Vaults:1 | Reached skill level 5 in Air Magic
 37218 | Vaults:3 | Found Tupaerch's Antique Weapon Emporium.
 37311 | Vaults:3 | Reached XP level 20. HP: 109/109 MP: 33/33
 37584 | Vaults:3 | Reached skill level 5 in Conjurations
 37584 | Vaults:3 | Reached skill level 5 in Alchemy
 38300 | Vaults:3 | Found a staircase to the Crypt.
 39124 | Vaults:4 | Found Qeojozop's Jewellery Boutique.
 39130 | Vaults:4 | Bought a storm talisman for 880 gold pieces
 39240 | Vaults:4 | Found a transporter.
 39240 | Vaults:4 | Noticed Baeff's ghost (adept DsCj)
 39249 | Vaults:4 | Found a transporter.
 39351 | Vaults:4 | Got the Opusculum on Shifting
 39725 | Vaults:4 | Noticed a caustic shrike
 39736 | Vaults:4 | Killed a caustic shrike
 39738 | Vaults:4 | Reached XP level 21. HP: 105/113 MP: 34/34
 39864 | Vaults:4 | Killed Baeff's ghost
 39946 | Vaults:4 | Identified the ring of Xiergh {rPois rC+ rN+ MP+9 Dex+4}
 40066 | Vaults:5 | Entered Level 5 of the Vaults
 40129 | Vaults:5 | Noticed a golden dragon
 40132 | Vaults:5 | Noticed a golden dragon
 40142 | Vaults:5 | Reached skill level 17 in Shapeshifting
 40169 | Vaults:5 | Killed a golden dragon
 40189 | Vaults:5 | Killed a golden dragon
 40395 | Vaults:5 | Found the +2 pair of slick slippers {slick, slippery, EV+4}
 40506 | Vaults:5 | Reached skill level 18 in Shapeshifting
 40517 | Vaults:5 | Slain by a titan
 40517 | Vaults:5 | Lost a life (1 life remaining)
 40813 | Vaults:5 | Identified the amulet of Ucuon {Acrobat rElec Int+3 SInv}
 40852 | Vaults:5 | Noticed a golden dragon
 40858 | Vaults:5 | Killed a golden dragon
 40873 | Vaults:5 | HP: 5/146 [ettin/+0 dire flail (25)]
 40873 | Vaults:5 | Constricted to death by a tentacled monstrosity
 40873 | Vaults:5 | Lost a life (0 lives remaining)
 40881 | Vaults:5 | Identified the +11 spear of the Many Ships {flame, rN+
                  | Str+5}
 40908 | Vaults:5 | Identified the +0 leather armour "Oklyaz" {Str+2}
 40908 | Vaults:5 | HP: 6/146 [vault guard/the +11 spear of the Many Ships
                  | {flame, rN+ Str+5} (2)]
 40949 | Vaults:5 | Reached skill level 19 in Shapeshifting
 41415 | Vaults:5 | Reached XP level 22. HP: 115/118 MP: 33/35
 41415 | Vaults:5 | Gained a life (1 life remaining)
 41415 | Abyss:4  | Cast into level 4 of the Abyss (vault warden)
 41550 | Abyss:4  | Got an abyssal rune of Zot
 41561 | Abyss:4  | Reached skill level 20 in Shapeshifting
 41635 | Vaults:5 | Escaped the Abyss
 41642 | Vaults:5 | Noticed a golden dragon
 41768 | Vaults:5 | Found Zuseni Seve's Jewellery Boutique.
 41772 | Vaults:5 | Got a silver rune of Zot
 42085 | Vaults:5 | Found Puirumoi's Jewellery Emporium.
 42582 | Elf:1    | Entered Level 1 of the Elven Halls
 42582 | Elf:1    | Found a runed translucent gate.
 42582 | Elf:1    | Found a runed translucent gate.
 42582 | Elf:1    | Found a runed translucent gate.
 42582 | Elf:1    | Found a runed translucent gate.
 42582 | Elf:1    | Found a runed translucent gate.
 42582 | Elf:1    | Found a runed translucent gate.
 42583 | Elf:1    | Found a runed translucent door.
 42604 | Elf:1    | Found a runed translucent door.
 42988 | Elf:1    | Reached skill level 21 in Shapeshifting
 43272 | Elf:1    | You fall into a shaft and drop 1 floor!
 43429 | Elf:2    | Found a runed translucent gate.
 43429 | Elf:2    | Found a runed translucent gate.
 43429 | Elf:2    | Found a runed translucent gate.
 43802 | Elf:2    | Found a gateway to a bazaar.
 43813 | Bazaar   | Entered a bazaar
 43813 | Bazaar   | Found Ovufra's Antique Armour Boutique.
 43813 | Bazaar   | Found Magav's Antique Weapon Shoppe.
 43813 | Bazaar   | Found Tacweom's Magic Scroll Shoppe.
 43814 | Bazaar   | Found Mibrij's Armour Emporium.
 43814 | Bazaar   | Found Icam's Magic Scroll Emporium.
 43839 | Bazaar   | Bought a scroll of teleportation for 30 gold pieces
 43839 | Bazaar   | Bought a scroll of teleportation for 30 gold pieces
 43841 | Bazaar   | Bought a scroll of revelation for 75 gold pieces
 43847 | Bazaar   | Bought a scroll of acquirement for 728 gold pieces
 43847 | Bazaar   | Bought a scroll of teleportation for 42 gold pieces
 43862 | Elf:2    | Learned a level 4 spell: Olgreb's Toxic Radiance
 44057 | Elf:1    | Got the Guide on the Familiar Discharge
 44155 | Elf:3    | Entered Level 3 of the Elven Halls
 44368 | Elf:3    | Found Nexudapi's Armour Emporium.
 44640 | Elf:3    | Found Yffehai's Book Shoppe.
 44640 | Elf:3    | Found Daffoumiurgh's Jewellery Boutique.
 44640 | Elf:3    | Found Gumeuple's Jewellery Boutique.
 44882 | Elf:3    | Reached skill level 22 in Shapeshifting
 44918 | Elf:3    | Identified the +1 ring mail of Dithmenos's Hatred {Int+4}
 44967 | Elf:3    | Reached XP level 23. HP: 60/122 MP: 32/36
 44967 | Elf:3    | Gained a life (2 lives remaining)
 45077 | Elf:3    | Identified the +2 leather armour of Nihilism {*Slow +Inv
                  | rElec Dex-4}
 45283 | Elf:3    | Acquired 1021 gold pieces
 45693 | D:15     | Found a staircase to the Depths.
 45720 | Depths:1 | Entered Level 1 of the Depths
 45738 | D:15     | Learned a level 4 spell: Manifold Assault
 45869 | Depths:1 | Found Gozag's Platinum Reserve.
 45871 | Depths:1 | Found an opulent altar of Gozag.
 45999 | Depths:1 | Reached skill level 15 in Dodging
 46340 | Depths:1 | Found a gateway to Hell.
 46773 | Depths:2 | Found Gozag's Assorted Antiques.
 46784 | Depths:2 | Found Gozag's Antique Weapon Shoppe.
 46793 | Depths:2 | Found an opulent altar of Gozag.
 46793 | Depths:2 | Found Gozag's Antique Weapon Shoppe.
 47084 | Depths:2 | Found a glowing golden altar of the Shining One.
 47267 | Depths:2 | Found a one-way gate leading to the halls of Pandemonium.
 47809 | Depths:3 | Reached skill level 23 in Shapeshifting
 47993 | Depths:3 | Noticed a caustic shrike
 48005 | Depths:3 | Killed a caustic shrike
 48064 | Depths:3 | Found a hide-covered altar of Uskayaw.
 48107 | Depths:3 | Reached skill level 15 in Fighting
 48110 | Depths:3 | Reached XP level 24. HP: 75/131 MP: 32/36
 48388 | Depths:3 | Found a sparkling altar of Nemelex Xobeh.
 48700 | Depths:4 | Entered Level 4 of the Depths
 48812 | Depths:4 | Found a gate to the Realm of Zot.
 48884 | Depths:4 | Reached skill level 1 in Necromancy
 49064 | Depths:4 | Found a one-way gateway to a ziggurat.
 49230 | Depths:4 | Found a broken altar of Ashenzari.
 49300 | Depths:4 | Reached skill level 5 in Necromancy
 49553 | Depths:4 | Noticed a juggernaut
 49569 | Depths:4 | Killed a juggernaut
 50089 | Slime:1  | Entered Level 1 of the Pits of Slime
 50101 | Slime:1  | Reached skill level 10 in Spellcasting
 50316 | Slime:3  | Gained mutation: Your magical capacity is low. (-10% MP) [a
                  | shining eye]
 50460 | Slime:5  | Entered Level 5 of the Pits of Slime
 50608 | Slime:5  | Noticed the Royal Jelly
 50617 | Slime:5  | Found a viscous altar of Jiyva.
 50618 | Slime:5  | Killed the Royal Jelly
 50636 | Slime:5  | Reached XP level 25. HP: 26/137 MP: 9/35
 51012 | Slime:5  | Identified the +12 plate armour of the World {Will- Dex+5}
 51041 | Slime:5  | Found the ring of the Hare {EV+10}
 51052 | Slime:5  | Identified the ring of Ommihionu {rF- rCorr MP+9 Str+7
                  | Slay-2}
 51057 | Slime:5  | Identified the +9 flail "Voxikhuf" {venom, *Noise rF+ Dex+4
                  | SInv}
 51066 | Slime:5  | Got a slimy rune of Zot
 51089 | Slime:5  | Identified the +7 great mace of Irritation {flame, Will+}
 51104 | Slime:5  | Identified the amulet of Wu Jian's Hope {Acrobat rElec}
 51119 | Slime:5  | Identified the staff of Apudueq {Str+2 Dex+3 Conj}
 51120 | Slime:5  | Identified the ring "Vaupet" {rElec rPois rN+ Slay-6}
 51691 | Zot:1    | Entered Level 1 of the Realm of Zot
 51846 | Zot:1    | Learned a level 3 spell: Fugue of the Fallen
 51875 | Zot:1    | Reached skill level 10 in Necromancy
 52010 | Zot:1    | You are sucked into a shaft and drop 1 floor!
 52115 | Zot:2    | Found the +4 dragonskin cloak
 52115 | Zot:2    | Noticed Tiamat
 52116 | Zot:2    | Killed Tiamat
 52119 | Zot:2    | Killed from afar by a yellow draconian annihilator
 52119 | Zot:2    | Lost a life (1 life remaining)
 53717 | Zot:3    | Noticed Grunn
 53729 | Zot:3    | Killed Grunn
 54061 | Zot:3    | Reached skill level 15 in Necromancy
 54821 | Zot:4    | Reached XP level 26. HP: 65/142 MP: 27/36
 54821 | Zot:4    | Gained a life (2 lives remaining)
 55466 | Zot:4    | Learned a level 8 spell: Infestation
 55473 | Zot:4    | Learned a level 6 spell: Death Channel
 55475 | Zot:4    | Learned a level 1 spell: Apportation
 55735 | Zot:5    | Entered Level 5 of the Realm of Zot
 55932 | Zot:5    | Noticed a dread lich
 56121 | Zot:5    | Killed a dread lich
 56638 | Zot:5    | Noticed an ancient lich
 56645 | Zot:5    | Killed an ancient lich
 56661 | Zot:5    | Noticed an orb of fire
 56663 | Zot:5    | Gained mutation: You are clumsy. (Dex -2) [an orb of fire]
 56663 | Zot:5    | Noticed a dread lich
 56665 | Zot:5    | Killed an orb of fire
 56666 | Zot:5    | Noticed an orb of fire
 56667 | Zot:5    | Killed an orb of fire
 56673 | Zot:5    | Noticed an orb of fire
 56681 | Zot:5    | Noticed a dread lich
 56682 | Zot:5    | Noticed a dread lich
 56682 | Zot:5    | Noticed a dread lich
 56682 | Zot:5    | Noticed an ancient lich
 56683 | Zot:5    | Got the Orb of Zot
 56683 | Zot:5    | Noticed an ancient lich
 56686 | Zot:5    | HP: 5/142 [Orb Guardian (18)]
 56689 | Zot:5    | Killed an orb of fire
 56690 | Zot:5    | Killed a dread lich
 56690 | Zot:5    | Killed from afar by an ancient lich
 56690 | Zot:5    | Lost a life (1 life remaining)
 56861 | Depths:1 | Noticed Waos the pandemonium lord
 56871 | Depths:1 | Noticed Effaawky the pandemonium lord
 56874 | Depths:1 | Killed Waos the pandemonium lord
 56878 | Depths:1 | HP: 4/145 [Effaawky the pandemonium lord (19)]
 56878 | Depths:1 | HP: 1/145 [Effaawky the pandemonium lord (3)]
 56880 | Depths:1 | Annihilated by Effaawky the pandemonium lord
 56880 | Depths:1 | Lost a life (0 lives remaining)
 56951 | Depths:1 | Killed Effaawky the pandemonium lord
 56961 | D:15     | Gained mutation: You occasionally lose the ability to read
                  | scrolls when taking damage. [mutagenic glow]
 57171 | D:1      | gg
 57172 | D:$      | Escaped with the Orb!

Illustrated notes

#.##....8##.....#
#........##8....#
###.............#
###..........##
##.........#
###....(..#
##.....## ###...#
##v## ###


Turn 57171 on D:1: gg

Levels and vault maps discovered:
D:1:      eino_arrival_cavern_d, layout_rooms, serial_shops,
          nicolae_shop_pleasant_corner_grove, glass_columns_a,
          minmay_tetromino_o2
D:2:      layout_basic, kennysheep_cluttered_room, minivault_4
D:3:      layout_rooms, basic_ecumenical_altar
D:4:      layout_basic, tgw_kikubaaqudgha, trog_three_pillars_becter,
          overflow_temple_1_default, gammafunk_ghost_stat_death,
          minmay_misc_feat_cross, uniq_crazy_yiuf_cottage
D:5:      layout_rooms, uniq_sigmund, uniq_pikel, uniq_ijyb, uniq_menkaure
D:6:      layout_layer_cave, lemuel_round_altar, minmay_temple_entry_crystal_x,
          serial_shops, shop
D:7:      minmay_general_purpose_star, layout_basic, minmay_circle_x,
          uniq_maggie, uniq_duvessa, uniq_joseph
D:8:      nzn_winding_woodlands_medium [nzn_winding_woodlands_5x5_default,
          nzn_winding_woodlands_5x15_pockets,
          nzn_winding_woodlands_5x5_open_star, nzn_winding_woodlands_5x5_cross,
          nzn_winding_woodlands_center_diamonds,
          nzn_winding_woodlands_5x5_perimeter,
          nzn_winding_woodlands_5x5_default, nzn_winding_woodlands_5x15_jagged,
          nzn_winding_woodlands_5x5_three], layout_rooms,
          mainiacjoe_overflow_alcove_4, kennysheep_flooded_box, uniq_psyche,
          uniq_jeremiah
D:9:      layout_loops_corners, david_orc_1_choice, enter_bailey_5,
          minmay_crystal_room, minivault_24, ebering_dispersal_statue_hall
D:10:     layout_gridville, grunt_temple_overflow_open
D:11:     layout_long_grid, hellmonk_lair_entry_icy
D:12:     layout_irregular_city, gauntlet_entry_generic, uniq_azrael
D:13:     layout_cave_pools, david_vaults_5, uniq_josephine, uniq_urug
D:14:     wad_pebble_path, layout_rooms
D:15:     grunt_enter_depths_hoard, layout_cave_pools, serial_shops,
          nicolae_diamond_shop, serial_park_tiny_1, lemuel_flamethrower_3
Temple:   nicolae_temple_bog_church
Lair:1:   layout_regular_city, ebering_ghost_inner_flame,
          chequers_serial_rivers_micro_e, chequers_serial_rivers_micro_c,
          wad_woods_06, grunt_forest_small_clearing_treed
Lair:2:   layout_cave_pods, basic_altar, portal_ice_cave_entry_pillars_1
Lair:3:   layout_cellular_growth, elwin_shoals_entry_rooms,
          guppyfry_snake_entry_island, minivault_25, serial_bayou_shore_b,
          lemuel_fruit_fields, uniq_nergalle
Lair:4:   layout_hall_layers, slime_entry_2, lemuel_fruit_tree, uniq_nessos
Lair:5:   hellmonk_lair_end_abyssal_woods, layout_gridlike,
          grunt_forest_large_clearing_hut, serial_bayou_shore_a
Shoals:1: layout_shoals, nicolae_shoals_aquamancer_cove
Shoals:2: layout_shoals, uniq_roxanne
Shoals:3: layout_shoals, uniq_polyphemus
Shoals:4: shoals_end_hellmonk_holy_island, serial_shops
Snake:1:  layout_grid_maze, basic_altar, nicolae_snake_mages_go_home,
          minmay_shop_star, grunt_megastairs_5, uniq_frances, uniq_nikola
Snake:2:  kennysheep_snake, layout_grid_shapes, basic_altar, grunt_megastairs_2
Snake:3:  layout_misc_corridors
Snake:4:  snake_pit, layout_cave_town, basic_altar
Slime:1:  cheibrodos_slime_lost_civilization_9, layout_caves
Slime:2:  cheibrodos_slime_lost_civilization_8, layout_caves
Slime:3:  layout_caves, cheibrodos_slime_lost_civilization_7
Slime:4:  layout_caves
Slime:5:  slime_pit_nicolae_trefoil
Orc:1:    layout_caves
Orc:2:    st_orc_pillars, layout_caves, uniq_jorgrun
Elf:1:    nicolae_elf_arrival_dilemma, layout_geoelf_grid, minmay_elf_sorcery,
          abandoned_shop
Elf:2:    elven_hall_of_blades_hangedman_original
          [nicolae_blade_entry_floor_patterns], layout_loops_ring, serial_shops,
          statue_bzr, elves_outpost_lemuel
Elf:3:    minmay_elf_hall_x, layout_geoelf_diagonals, serial_shops, shop_statue,
          minmay_shop_grove
Vaults:1: nicolae_vaults_offset_grid_hallway_3,
          nicolae_vaults_closet_pinwheel_2, hangedman_vaults_snaps,
          grunt_vaults_swirl, nicolae_vaults_doubleplus_tesselated,
          nicolae_vaults_network_square, nicolae_vaults_meeting,
          vaults_mumra_minichess, v_misc_16, nicolae_vaults_ring_of_whatevers,
          grunt_vaults_hallway_short, ontoclasm_vaults_loading_screen,
          nicolae_vaults_two_Ls, nicolae_vaults_little_squares_4,
          layout_vaults_big_cross, uniq_asterion
Vaults:2: ontoclasm_vaults_gateway, v_misc_25, vaults_room_hallway,
          v_alt_pattern_6, nicolae_vaults_closet_pinwheel_1,
          nicolae_vaults_network_periphery, vaults_mumra_hexcomb,
          vaults_room_corners, nicolae_vaults_yaktaur_gun_rack,
          ontoclasm_vaults_fault, layout_vaults_maze
Vaults:3: nicolae_vaults_prndl, minmay_crypt_entry_skeletal_spiral,
          vaults_room_octagon, hangedman_vaults_pinch,
          nicolae_vaults_double_plus_3, nicolae_vaults_stairing_the_circle,
          nicolae_vaults_more_shelving_1, hangedman_vaults_corner,
          st_more_cells, nicolae_vaults_closet_pinwheel_4,
          hangedman_vaults_stretched_pinwheel, v_misc_1,
          nicolae_vaults_double_plus_2, nicolae_vaults_diamond_1,
          nicolae_vaults_house_2, layout_vaults_ring, serial_shops, shop_statue
Vaults:4: gammafunk_ghost_arena, nicolae_vaults_door_testing_chamber,
          nicolae_vaults_tetromino_Z_1, nicolae_vaults_more_shelving_2,
          nicolae_vaults_oval_intersection, nicolae_vaults_mitosis,
          ontoclasm_vaults_eye, layout_vaults_quadrants, serial_shops,
          nicolae_shop_peninsula, serial_magic_research,
          hangedman_research_quantum, hangedman_research_geology
Vaults:5
Depths:1: layout_gridlike, hell_entry, nicolae_gozag_zags_fifth_avenue,
          drop_trap, nicolae_benzene_ring, amcnicky_mini_corridor_feature,
          grunt_ministairs_8
Depths:2: kennysheep_gozag_temple, layout_gridlike, grunt_pan_entry_spiral,
          hell_entry, tso_oasis_becter
Depths:3: minmay_the_grid_square_5x5_5x5_mashed
          [minmay_the_grid_square_5x5_intrusive_squares,
          minmay_the_grid_square_5x5_longway, minmay_the_grid_square_5x5_tie,
          minmay_the_grid_square_5x5_three,
          minmay_the_grid_square_5x5_misaligned,
          minmay_the_grid_square_5x5_inner_v,
          minmay_the_grid_square_5x5_prize_rear_guard,
          minmay_the_grid_square_5x5_inset,
          minmay_the_grid_square_5x5_prize_itemx,
          minmay_the_grid_square_5x5_two_small,
          minmay_the_grid_square_5x5_moneybag, minmay_the_grid_square_5x5_plus,
          minmay_the_grid_square_5x5_prize_snowflake,
          minmay_the_grid_square_5x5_fat_x, minmay_the_grid_square_5x5_corner,
          minmay_the_grid_square_5x5_inner_i,
          minmay_the_grid_square_5x5_prize_waves,
          minmay_the_grid_square_5x5_hollow_slash,
          minmay_the_grid_square_5x5_prize_open,
          minmay_the_grid_square_5x5_bite,
          minmay_the_grid_square_5x5_almost_minimal,
          minmay_the_grid_square_5x5_n, minmay_the_grid_square_5x5_dogpile,
          minmay_the_grid_square_5x5_lines,
          minmay_the_grid_square_5x5_two_walls_b], layout_cave_pools,
          hell_entry, abyss_entry, nicolae_uskayaw_dance_hall,
          nemelex_spade_bored_becter
Depths:4: evilmike_zot_entry_argh, layout_cross, enter_ziggurat_a,
          nicolae_ashenzari_panopticon, hell_entry, abyss_entry
Zot:1:    layout_basic, regret_index_zotdec_bone_old
Zot:2:    layout_cathedral_of_symmetry, grunt_megastairs_4, uniq_tiamat
Zot:3:    layout_gridlike, uniq_grunn
Zot:4:    kennysheep_ambush_hall, layout_gridlike, regret_index_zotdec_banners,
          st_single_dragon_hoard_3, uniq_josephina
Zot:5:    layout_cellular_growth, nicolae_zig_zag_zippers

Skill      XL: |  1  2  3  4  5  6  7  8  9 10 11 12 13 14 15 16 17 18 19 20 21 22 23 24 25 26 |
---------------+-------------------------------------------------------------------------------+-----
Stealth        | 1 2 5 10 | 10.0
Unarmed Combat | 3 4 5 6 7 9 10 12 13 15 18 | 18.7
Fighting       | 3 4 5 7 9 10 11 13 15 16 17 | 17.3
Dodging        | 4 5 6 7 10 12 14 19 20 | 20.0
Translocations | 5 8 9 10 | 10.0
Air Magic      | 2 3 4 5 8 |  8.1
Invocations    | 3 4 5 10 12 14 16 17 18 | 18.0
Shapeshifting  | 7 10 13 16 19 22 23 | 23.0
Evocations     | 4 |  4.0
Spellcasting   | 3 6 8 11 12 | 12.0
Conjurations   | 3 6 |  6.9
Alchemy        | 3 6 |  6.9
Necromancy     | 8 16 20 | 20.0

Action                     |  1- 3 |  4- 6 |  7- 9 | 10-12 | 13-15 | 16-18 | 19-21 | 22-24 | 25-27 || total
---------------------------+-------+-------+-------+-------+-------+-------+-------+-------+-------++-------
  Melee: Unarmed           |   132 |   218 |   438 |   934 |  1212 |  1336 |  1154 |  1247 |   741 ||  7412
         Bite              |    11 |    24 |    56 |   133 |   198 |   171 |   183 |    72 |       ||   848
         Punch             |     2 |     8 |    30 |    69 |   122 |   138 |   179 |   169 |   120 ||   837
         Maw               |       |       |       |   164 |   495 |       |       |       |       ||   659
   Cast: Blink             |     1 |     6 |     3 |     3 |     6 |     2 |       |     2 |       ||    23
         Teleport Other    |       |     1 |     1 |       |       |       |       |       |       ||     2
         Vhi's Electric Ch |       |       |     8 |    14 |    42 |    47 |    57 |    77 |    47 ||   292
         Olgreb's Toxic Ra |       |       |       |       |       |       |       |     7 |       ||     7
         Arcjolt           |       |       |       |       |       |       |       |     5 |       ||     5
         Manifold Assault  |       |       |       |       |       |       |       |    13 |       ||    13
         Fugue of the Fall |       |       |       |       |       |       |       |       |     3 ||     3
         Irradiate         |       |       |       |       |       |       |       |       |     6 ||     6
 Invoke: Line Pass         |       |       |       |     6 |     7 |     2 |     2 |     2 |     1 ||    20
         Stomp             |       |       |       |     7 |    10 |    22 |    22 |    16 |     1 ||    78
         Grand Finale      |       |       |       |       |     5 |     4 |     4 |     7 |     4 ||    24
Ability: Blinkbolt         |       |       |       |       |       |       |       |       |     1 ||     1
  Evoke: Wand              |       |       |     4 |    10 |       |     4 |     1 |     2 |       ||    21
         Lightning rod     |       |       |       |     4 |     3 |     1 |     3 |       |       ||    11
    Use: Potion            |     2 |     5 |     6 |     3 |       |     1 |     4 |     1 |     7 ||    29
         Scroll            |     2 |     4 |     7 |    12 |     6 |     8 |     5 |     4 |     5 ||    53
   Stab: Sleeping          |     4 |     5 |     8 |     3 |    24 |    17 |    31 |    19 |    11 ||   122
         Paralysed         |       |       |     9 |    47 |   100 |   116 |   127 |   189 |   116 ||   704
         Distracted        |       |       |     1 |     1 |     2 |     3 |     1 |     4 |     1 ||    13
         Confused          |       |       |       |     3 |     2 |     1 |     1 |     2 |       ||     9
 Armour: Skin              |    34 |    85 |   109 |   237 |   393 |   746 |   621 |   380 |   141 ||  2746
  Dodge: Dodged            |    73 |   192 |   343 |   881 |  1361 |  2869 |  1774 |  1585 |  1083 || 10161
  Block: Other             |     8 |    59 |    90 |   145 |   188 |   309 |   203 |    82 |       ||  1084
         Reflection        |     1 |       |       |       |       |       |       |       |       ||     1
   Form: Maw               |       |       |       |     1 |       |     1 |       |       |       ||     2
         Statue            |       |       |       |       |       |     3 |       |       |       ||     3
         Dragon            |       |       |       |       |       |     1 |       |       |       ||     1
         Storm             |       |       |       |       |       |       |       |     1 |       ||     1

Table legend: (Time is in decaauts)
 A = Elapsed time spent in this place.
 B = Non-inter-level travel time spent in this place.
 C = Inter-level travel time spent in this place.
 D = Time resting spent in this place.
 E = Time spent auto-exploring this place.
 F = Levels seen in this place.
 G = Mean time per level.
                   A        B        C        D        E       F      G
               +--------+--------+--------+--------+--------+-----+--------+
         Total |  65130 |  58809 |   6321 |  10003 |  31038 |  58 | 1122.9 |
       Dungeon |  18883 |  15943 |   2940 |   3029 |   8126 |  15 | 1258.9 |
        Temple |     33 |     18 |     15 |      0 |      0 |   1 |   33.0 |
          Lair |   7216 |   6377 |    839 |   1323 |   3265 |   5 | 1443.2 |
        Shoals |   4319 |   4065 |    254 |    568 |   2197 |   4 | 1079.8 |
     Snake Pit |   5304 |   5059 |    245 |    282 |   3417 |   4 | 1326.0 |
    Slime Pits |   1219 |   1174 |     45 |    351 |    302 |   5 |  243.8 |
  Orcish Mines |   2503 |   2062 |    441 |    255 |   1102 |   2 | 1251.5 |
   Elven Halls |   3990 |   3789 |    201 |    394 |   2266 |   3 | 1330.0 |
        Vaults |  10159 |   9432 |    727 |   1334 |   5209 |   5 | 2031.8 |
        Depths |   4187 |   3767 |    420 |    542 |   2163 |   4 | 1046.8 |
           Zot |   4890 |   4701 |    189 |    973 |   2657 |   5 |  978.0 |
         Abyss |    296 |    296 |      0 |     66 |     12 |   1 |  296.0 |
        Bazaar |     64 |     64 |      0 |      0 |     25 |   1 |   64.0 |
        Bailey |    711 |    711 |      0 |    276 |      0 |   1 |  711.0 |
      Ice Cave |   1119 |   1119 |      0 |    566 |    181 |   1 | 1119.0 |
      Gauntlet |    231 |    231 |      0 |     41 |    113 |   1 |  231.0 |
               +--------+--------+--------+--------+--------+-----+--------+

Top non-repeatable levels by time:
Vaults:5: 2766 daAuts
Vaults:4: 2443 daAuts
     D:4: 2122 daAuts
  Lair:3: 1930 daAuts
Vaults:1: 1923 daAuts
   Orc:2: 1835 daAuts
     D:7: 1828 daAuts
Vaults:3: 1795 daAuts
   Elf:3: 1771 daAuts
 Snake:2: 1753 daAuts
     D:9: 1710 daAuts
  Lair:2: 1612 daAuts
     D:2: 1568 daAuts
   Zot:2: 1549 daAuts
 Snake:1: 1544 daAuts
